[Event "*** Titled Tuesday Blitz"]
[Site "Chess.com"]
[Date "2019.09.03"]
[Round "9"]
[White "HanSchut"]
[Black "NemtsevIgor"]
[Result "1/2-1/2"]
[WhiteElo "2209"]
[BlackElo "2304"]
[TimeControl "180+2"]
[EndTime "17:09:53 PDT"]
[Termination "Game drawn by repetition"]

1. e4 c6 2. d4 d5 3. exd5 cxd5 4. c4 Nf6 5. Nc3 e6 6. Nf3 Be7 7. cxd5 Nxd5 8. Bd3 Nc6 9. O-O O-O 10. Qc2 g6 11.
a3 Nxc3 12. bxc3 b6 13. Be4 Bb7 14. Ne5 Rc8 15. Qe2 Nxe5 16. Bxb7 Rc7 17. Qxe5 Rxb7 18.
Bh6 Bf6 19. Qe4 Rc7 20. Bxf8 Qxf8 21. Rfc1 Qc8 22. Qd3 Rc4 23. a4 Kg7 24. a5 b5 25.
Qd2 a6 26. f4 Qc6 27. Kf1 Qd5 28. Rab1 Bd8 29. Ra1 b4 30. cxb4 Rxd4 31. Qb2 Bf6 32. Qf2 Rd2 33. Qf3 Qxf3+ 34. gxf3 Bxa1 35. Rxa1 Rb2 36. Ra4 Kf6 37. Ke1 Ke7 38. Kd1 Kd7 39. Kc1 Rb3 40. Kc2 Rxf3 41. b5 Kc7 42. b6+ Kb7 43. Rc4 Ra3 44. Rc7+ Kb8 45. Rxf7 Rxa5 46. Rxh7 Rh5 47.
Re7 Rxh2+ 48. Kc3 Re2 49. Kc4 Re4+ 50. Kc5 Rxf4 51. Kc6 Rc4+ 52. Kd6 a5 53. Rxe6 Kb7 54. Kd5 Rg4 55. Kc5 a4 56. Re7+ Kb8 57. Kc6 Rc4+ 58.
Kb5 Rf4 59. Ka6 Rf8 60. Rb7+ Ka8 61. Ra7+ Kb8 62. Rg7 a3 63. Rxg6 a2 64. Rg1 Ka8 65. Ra1 Rf2 66. Re1 Rf8 67. Ra1 Rf2 68. Re1 Rf8 69. Ra1 1/2-1/2

[Event "*** Titled Tuesday Blitz"]
[Site "Chess.com"]
[Date "2019.09.03"]
[Round "9"]
[White "Hrant_ChessMood"]
[Black "Vasily_Papin"]
[Result "0-1"]
[WhiteElo "2854"]
[BlackElo "2727"]
[TimeControl "180+2"]
[EndTime "17:09:55 PDT"]
[Termination "Vasily_Papin won on time"]

1. d4 Nf6 2. c4 e6 3. Nf3 b6 4. a3 Ba6 5. Qb3 c6 6. Bg5 d5 7. e3 Be7 8. Nbd2 O-O 9. Bd3 c5 10. dxc5 bxc5 11. cxd5 exd5 12. Bxa6 Nxa6 13. O-O Rb8 14.
Qa4 Qb6 15. Rfd1 Qb5 16. Qxb5 Rxb5 17. b4 h6 18. Bh4 Rb7 19. bxc5 Nxc5 20. Nd4 g5 21.
Bg3 Nfe4 22. Nxe4 Nxe4 23. Nf5 Nxg3 24. hxg3 Bf6 25. Ra2 d4 26. Nxh6+ Kh7 27. Ng4 Bg7 28. exd4 Rd8 29. d5 f5 30. Ne3 Kg6 31. g4 fxg4 32.
Nxg4 Rb5 33. Rad2 Rd6 34. Rd3 a5 35. Ne3 Rc5 36. a4 Be5 37. g3 Bf6 38. Kg2 Bg7 39. Rb1 Bf6 40. Rb5 Rxb5 41. axb5 Rb6 42. Rb3 a4 43.
Ra3 Rxb5 44. Rxa4 Rb2 45. Kf3 Rd2 46. Ra6 Kf7 47. Ke4 Bd8 48. Ng4 Rd1 49. Ne5+ Kg7 50. Ra7+ Kf8 51. Rd7 Bb6 52. f4 gxf4 53. gxf4 Rf1 54.
Kf5 Be3 0-1

[Event "*** Titled Tuesday Blitz"]
[Site "Chess.com"]
[Date "2019.09.03"]
[Round "9"]
[White "kuli4ik"]
[Black "daro94"]
[Result "0-1"]
[WhiteElo "2808"]
[BlackElo "2899"]
[TimeControl "180+2"]
[EndTime "17:09:58 PDT"]
[Termination "daro94 won by resignation"]

1. d4 Nf6 2. Bg5 d5 3. Nf3 Nbd7 4. e3 g6 5. c4 Bg7 6. Nc3 dxc4 7. Bxc4 O-O 8. O-O c5 9. dxc5 Nxc5 10. Qe2 Be6 11.
Rfd1 Qa5 12. a3 Bxc4 13. Qxc4 Ne6 14. Bh4 Rac8 15. Qa2 Rfd8 16. h3 a6 17. Bg3 Qb6 18. Be5 Nc5 19. b4 Nce4 20. Nxe4 Nxe4 21. Bxg7 Kxg7 22.
Qb2+ Qf6 23. Qxf6+ Kxf6 24. Rxd8 Rxd8 25. Rc1 Rd3 26.
a4 Rb3 27. b5 axb5 28. Nd4 Rb2 29. f3 Nd6 30. Nxb5 Nxb5 31. axb5 Rxb5 32. Rc7 Rb2 33. Kh2 g5 34. Kg3 h5 35. h4 gxh4+ 36. Kxh4 Rb5 37.
Kg3 e6 38. e4 Rb2 39. Kh3 b5 40. Rb7 b4 41. Kh4 Kg6 42. Kg3 e5 43. Rb6+ f6 44. f4 Rb3+ 45. Kf2 exf4 46. e5 Kf5 47. exf6 Kg6 48. Rb5 Kxf6 49. Rxh5 Rb1 50. Rb5 b3 51. Rb8 Ke5 52. Rb4 Kf5 53. Rb8 Ke4 54. Rb4+ Ke5 55. Rb5+ Kd4 56. Rb4+ Kc3 57. Rb8 b2 58. Rc8+ Kd4 59. Rd8+ Ke5 60. Re8+ Kf5 61. Rf8+ Ke6 62. Re8+ Kd7 63. Rb8 Kc7 64. Rb3 Kc6 65. Rb8 Kc5 66.
Rc8+ Kd6 67. Rb8 Kc7 68. Rb3 Kc6 69. Rb8 f3 70. gxf3 Rh1 71. Kg2 b1=Q 0-1

[Event "*** Titled Tuesday Blitz"]
[Site "Chess.com"]
[Date "2019.09.03"]
[Round "9"]
[White "jlucasvf"]
[Black "Lunaticx"]
[Result "1-0"]
[WhiteElo "2713"]
[BlackElo "2831"]
[TimeControl "180+2"]
[EndTime "17:10:04 PDT"]
[Termination "jlucasvf won on time"]

1. e4 d6 2. d4 Nf6 3. Nc3 e5 4. dxe5 dxe5 5. Qxd8+ Kxd8 6. Bc4 Be6 7. Bxe6 fxe6 8. f3 Bd6 9. Be3 Nbd7 10. Nge2 a6 11. a4 Ke7 12. Nb1 b5 13. Nd2 Rhb8 14. axb5 axb5 15.
Kf2 Rf8 16. h3 Nc5 17. Kg3 Nh5+ 18. Kf2 Nf4 19. Bxf4 exf4 20. Nd4 Be5 21. Nc6+ Kd6 22. Nxe5 Kxe5 23. Ke2 c6 24. Rhd1 Na4 25. Rab1 Rfd8 26. Nb3 c5 27. Rxd8 Rxd8 28. Nc1 c4 29. Na2 Kf6 30. b3 Nb6 31. Nc3 cxb3 32. cxb3 Rc8 33.
Nxb5 Rc2+ 34. Kf1 Ke5 35. Na3 Rc3 36. Ke2 g5 37. Kd2 Rc8 38. Nc2 h5 39. Ne1 g4 40.
Nd3+ Kf6 41. Nxf4 gxf3 42. gxf3 h4 43. Rg1 Nd7 44. Rg6+ Kf7 45. Rxe6 Rb8 46. Rh6 Rxb3 47. Nd3 Nb6 48. Ne5+ Kg7 49. Rxh4 Kf6 50. f4 Rb2+ 51. Ke3 Rb3+ 52. Kd4 Na4 53. Nd3 Nc3 54. Kc4 Ra3 55. Kb4 Nb1 56. Nc5 Re3 57. Kc4 Nd2+ 58. Kd4 Re1 59.
Rh6+ Kg7 60. Ra6 Nf3+ 61. Kd3 Rh1 62. Ne6+ Kg8 63. Ng5 Nh4 64. Kd4 Rf1 65. Ke5 Kg7 66.
f5 Rg1 67. Ne6+ Kf7 68. Ra7+ Kg8 69. Kf6 Re1 70. Ra8+ 1-0

[Event "*** Titled Tuesday Blitz"]
[Site "Chess.com"]
[Date "2019.09.03"]
[Round "9"]
[White "Alexandercs432"]
[Black "NicoChasin"]
[Result "0-1"]
[WhiteElo "2047"]
[BlackElo "2477"]
[TimeControl "180+2"]
[EndTime "17:10:04 PDT"]
[Termination "NicoChasin won by checkmate"]

1. e4 c5 2. Nf3 e6 3. d4 cxd4 4. Nxd4 Nc6 5. Nc3 Qc7 6. Be2 a6 7. Be3 Nf6 8. O-O Bb4 9. Na4 Nxe4 10. Nxc6 Qxc6 11. Nb6 Rb8 12. Qd4 Bc5 13. Qxg7 Rf8 14. Bxc5 Qxc5 15. Nxc8 Rxc8 16. Bd3 Nd2 17. Rfd1 Nc4 18. Bxc4 Qxc4 19. c3 Qe4 20. Rd6 Qg6 21. Qxg6 hxg6 22. Rad1 Rc7 23. g3 Ke7 24. h4 Rh8 25.
Kg2 Rh5 26. R6d4 Rb5 27. R4d2 d5 28. a3 Rbc5 29. Re2 Kf6 30. Rh1 Kg7 31. h5 g5 32.
g4 Rc4 33. f3 d4 34. cxd4 Rxd4 35. Rhe1 Rc5 36. Rf2 Rcd5 37. Ree2 Rd6 38. Rc2 b5 39.
Rfe2 Rd7 40. Kf2 R4d6 41. Ke3 f5 42. Red2 Kf6 43. Rxd6 Rxd6 44. Rd2 Rc6 45. Rh2 Kg7 46. Rd2 Rc4 47. Rd4 Rc2 48. Rd2 Rc1 49. Rd7+ Kf6 50.
Rd6 Re1+ 51. Kf2 Rb1 52. Rxa6 Rxb2+ 53. Ke3 Rb3+ 54. Kf2 Rb2+ 55. Ke3 Rg2 56. Rb6 fxg4 57. fxg4 Rxg4 58. Rxb5 Rh4 59. Rb4 Rh3+ 60. Kd4 Rxa3 61. Rb8 Rh3 62. Rh8 g4 63. Ke4 Kg5 64. Ke5 Re3+ 65. Kd4 Rh3 66. Ke5 Rxh5 67. Rg8+ Kh4+ 68. Kxe6 g3 69. Kf6 Kh3 70. Kg6 Rh4 71. Kg5 Rg4+ 72. Kh5 Rxg8 73. Kh6 g2 74. Kh7 g1=Q 75. Kh6 Qg6# 0-1

[Event "*** Titled Tuesday Blitz"]
[Site "Chess.com"]
[Date "2019.09.03"]
[Round "9"]
[White "Chigorinetz"]
[Black "r31415"]
[Result "0-1"]
[WhiteElo "2548"]
[BlackElo "2381"]
[TimeControl "180+2"]
[EndTime "17:10:07 PDT"]
[Termination "r31415 won by checkmate"]

1. e4 e5 2. Bc4 Nf6 3. d3 c6 4.
Nf3 d5 5. Bb3 Bd6 6. Nc3 d4 7. Ne2 O-O 8. Ng3 a5 9. a3 Na6 10. Nh4 Bg4 11. f3 Be6 12. Nhf5 Nc5 13. Bg5 Bxb3 14. cxb3 h6 15. Bxh6 gxh6 16. Nxh6+ Kh7 17.
Ngf5 Qb6 18. f4 Qxb3 19. O-O Qxd1 20. Raxd1 exf4 21. Nxd6 Kxh6 22. Rxf4 Ncd7 23. Rdf1 Kg7 24. R1f3 Rg8 25. Rf5 Rae8 26. Nxe8+ Rxe8 27. Rg5+ Kf8 28. Rxa5 Ke7 29. Raf5 Rf8 30. h4 Ke6 31. Rg3 Rh8 32. Rh3 Ne5 33. Kf2 Nfg4+ 34. Ke2 Ne3 35. Rg5 Ng6 36. g3 Rh6 37. h5 Ne5 38. Rg8 N5g4 39. Re8+ Kd7 40. Rf8 Ke7 41. Rb8 b5 42. b3 Rf6 43.
Rb7+ Kd6 44. e5+ Kxe5 45. Re7+ Kd6 46. Re4 Rf2+ 47. Ke1 Rf1+ 48. Kd2 Rf2+ 49. Kc1 Rf1+ 50. Kb2 Nf2 51. Rxd4+ Kc5 52. Rd7 Nxh3 53. b4+ Kb6 54. h6 Rf2+ 55. Kb1 Ng5 56. g4 Nxg4 57. Rd8 Nxh6 58.
Rf8 Nf5 59. Rg8 Nf3 60. Rf8 N5d4 61. Rxf7 Nd2+ 62. Kb2 Rxf7 63. Kc3 N2b3 64. a4 Rf2 65. a5+ Ka7 66. a6 Rc2# 0-1

[Event "*** Titled Tuesday Blitz"]
[Site "Chess.com"]
[Date "2019.09.03"]
[Round "9"]
[White "bubacik"]
[Black "Sanan_Sjugirov"]
[Result "0-1"]
[WhiteElo "2743"]
[BlackElo "2876"]
[TimeControl "180+2"]
[EndTime "17:10:12 PDT"]
[Termination "Sanan_Sjugirov won by resignation"]

1. Nf3 Nf6 2. g3 g6 3. Bg2 Bg7 4. O-O O-O 5. c4 d5 6. cxd5 Nxd5 7. d4 Nb6 8. Qd2 Nc6 9. Rd1 Bg4 10. d5 Bxf3 11.
Bxf3 Nd4 12. Bg2 c5 13. Nc3 Qd7 14. e3 Nf5 15. Bh3 Qd8 16. Qc2 Nd6 17. e4 Nd7 18. f4 Bd4+ 19. Kh1 Nb6 20. Ne2 f5 21. Nxd4 cxd4 22.
Rxd4 Nxe4 23. Be3 Rc8 24. Qb3 Nd6 25. Re1 Nd7 26. Bg2 Nc5 27. Qd1 Nce4 28. Bg1 Qa5 29. a3 Qb5 30. Rb4 Qa6 31. Bf1 b5 32. Bg2 Qb7 33.
Qd3 a5 34. Rd4 Rc7 35. g4 Rc4 36. gxf5 gxf5 37. Rxc4 bxc4 38. Qd4 h6 39. Re2 Kh7 40. Bxe4 fxe4 41. Rxe4 Rf5 42. Re5 Rf7 43. Re6 Qb3 44.
Re3 Qc2 45. Rg3 Nf5 46. Qe5 Nxg3+ 47. hxg3 Qf5 48. Bd4 Qh3+ 49. Kg1 Qxg3+ 50. Kh1 Qh3+ 51. Kg1 Qg3+ 52. Kh1 Qf3+ 53. Kg1 Qg4+ 54. Kh1 Qh4+ 55.
Kg1 Qf6 56. Qxf6 exf6 57. d6 Kg6 58. Bb6 Rd7 59. Bc7 Kf5 60. Kf2 a4 61. Kf3 h5 62.
Kg3 h4+ 63. Kxh4 Kxf4 64. Kh5 f5 65. Kg6 Ke5 66. Kg5 f4 67. Kg4 Ke4 0-1

[Event "*** Titled Tuesday Blitz"]
[Site "Chess.com"]
[Date "2019.09.03"]
[Round "9"]
[White "MarshKnight"]
[Black "2165149677570"]
[Result "1-0"]
[WhiteElo "2217"]
[BlackElo "2293"]
[TimeControl "180+2"]
[EndTime "17:10:34 PDT"]
[Termination "MarshKnight won by resignation"]

1. e4 c5 2. Nf3 Nc6 3. d4 cxd4 4. Nxd4 Nf6 5. Nc3 e6 6. Ndb5 d6 7. Bf4 e5 8. Bg5 a6 9. Na3 b5 10. Nd5 Be7 11. Bxf6 Bxf6 12. c4 b4 13. Nc2 O-O 14. h4 a5 15. b3 Be6 16. g3 Nd4 17.
Nxd4 exd4 18. Qd3 Bxd5 19. cxd5 Rc8 20. Bh3 Rc3 21. Qd2 d3 22. Rc1 Qc7 23. O-O Re8 24.
f3 Qc5+ 25. Kh2 Bd4 26. Rxc3 Qxc3 27. Rd1 Qc2 28. Qxc2 dxc2 29. Rc1 Bc3 30. Rxc2 Re7 31. Bf1 a4 32. bxa4 Ra7 33. Bb5 Kf8 34. Kg2 Ke7 35.
Kf2 Kd8 36. Ke2 Kc7 37. Kd3 Kb6 38. Kc4 Rc7+ 39. Kb3 Ka5 40. a3 Re7 41. axb4+ Bxb4 42. Rc6 Ra7 43. Rc8 Be1 44. Bc6 Bxg3 45. Rb8 Bxh4 46.
Rb5+ Ka6 47. a5 Bd8 48. Ka4 Bc7 49. Bd7 Ra8 50. Bc6 Rb8 51. Rxb8 Bxb8 52. Bd7 Bc7 53.
Bc8+ Ka7 54. Kb5 h5 55. a6 g5 56. Kc6 Bb8 57. Kd7 g4 58. fxg4 h4 59. e5 h3 60.
e6 fxe6 61. dxe6 h2 62. e7 h1=Q 63. e8=Q Qf3 64. Kd8 Kb6 65. Qe7 Kb5 66. a7 Bxa7 67. Qxa7 Qf8+ 68. Kc7 d5 69. Bd7+ Kc4 70. Qa4+ Kc3 71.
Qc6+ Kd4 72. Be6 Qe7+ 73. Kb6 Qb4+ 74. Kc7 Qe7+ 75. Qd7 Qc5+ 76. Kd8 Qf8+ 77. Kc7 Qc5+ 78. Kb7 Qb4+ 79. Kc8 Qf8+ 80. Qd8 Qc5+ 81. Qc7 Qf8+ 82. Kb7 Qb4+ 83. Qb6+ Qxb6+ 84. Kxb6 Ke5 85. Bf5 d4 86. Kc5 1-0

[Event "*** Titled Tuesday Blitz"]
[Site "Chess.com"]
[Date "2019.09.03"]
[Round "9"]
[White "iturrizaga"]
[Black "Roman_Ovetchkin"]
[Result "1-0"]
[WhiteElo "2938"]
[BlackElo "2743"]
[TimeControl "180+2"]
[EndTime "17:10:53 PDT"]
[Termination "iturrizaga won by checkmate"]

1. c4 e5 2. g3 Nf6 3. Bg2 d6 4. Nc3 g6 5. d4 Nbd7 6. Nf3 Bg7 7. O-O O-O 8. e3 Re8 9. Qc2 c6 10. b3 a6 11. Ba3 e4 12. Nd2 d5 13. cxd5 cxd5 14.
Rac1 Re6 15. Na4 Rc6 16. Qb2 Rxc1 17. Rxc1 b5 18. Nc5 Nf8 19. Qc2 h5 20. Bb2 N8h7 21. a4 b4 22. f3 exf3 23. Nxf3 Bf5 24. Qd2 a5 25. Ne5 Ng5 26. Qe2 Qe8 27. Qb5 Nge4 28.
Qxe8+ Rxe8 29. Nb7 Ra8 30. Nc6 Ng4 31. Re1 Bh6 32.
Ne7+ Kf8 33. Nxd5 Rc8 34. Nxa5 Rc2 35. Nc4 Nd2 36. Nxb4 Nxc4 37. Nxc2 Nxb2 38. e4 Bd7 39. a5 Nd3 40. Ra1 Nb4 41. Nxb4 Be3+ 42. Kf1 Bb5+ 43.
Ke1 Bxd4 44. a6 Bc3+ 45. Kd1 Ne3+ 46. Kc1 Bxb4 47. a7 Bc6 48. a8=Q+ Bxa8 49. Rxa8+ Kg7 50. Bf3 Nf1 51. Ra2 Bc5 52. Be2 Nxh2 53. Rc2 Ba3+ 54. Kb1 Kf6 55. Bxh5 gxh5 56. Rxh2 Kg5 57. Rf2 Bd6 58.
Rxf7 Bxg3 59. b4 h4 60. Rh7 Kg4 61. b5 h3 62. b6 h2 63. b7 Bh4 64. b8=Q h1=Q+ 65.
Ka2 Qxe4 66. Rg7+ Bg5 67. Qc8+ Qf5 68. Qc4+ Kh5 69. Rf7 Qa5+ 70. Kb3 Qb6+ 71. Ka4 Qe3 72. Rh7+ Kg6 73. Qf7# 1-0

[Event "*** Titled Tuesday Blitz"]
[Site "Chess.com"]
[Date "2019.09.03"]
[Round "9"]
[White "ahkashefi2800"]
[Black "GCamachoMartinez"]
[Result "1/2-1/2"]
[WhiteElo "2152"]
[BlackElo "2432"]
[TimeControl "180+2"]
[EndTime "17:10:56 PDT"]
[Termination "Game drawn by repetition"]

1. d4 Nf6 2. c4 g6 3. Nc3 d5 4.
cxd5 Nxd5 5. f3 Nxc3 6. bxc3 Bg7 7. e4 c5 8. Be3 cxd4 9. cxd4 O-O 10. Bc4 b5 11.
Bb3 Nc6 12. Ne2 Na5 13. O-O Bb7 14. Qd3 Nxb3 15. axb3 a6 16. Rfc1 Qd7 17. Rc5 e6 18.
b4 Rfc8 19. Rac1 Bf8 20. Rxc8 Rxc8 21. Rxc8 Qxc8 22. Bd2 Qd7 23. Kf2 f5 24. Bc3 fxe4 25. fxe4 Bd6 26. g3 Qf7+ 27. Qf3 Bxe4 28. Qxf7+ Kxf7 29. Ke3 Bd5 30. Nf4 g5 31. Nd3 g4 32. Ne5+ Kf6 33. Nxg4+ Kf5 34. Nf2 h5 35. Bd2 a5 36.
bxa5 b4 37. a6 b3 38. Bc3 h4 39. g4+ Kg6 40. h3 Bg3 41. Nd3 Bb8 42. Bb2 Kg5 43. Bc1 Kf6 44. Nc5 Kg6 45. Kd3 Bg2 46. Nxe6 Bxh3 47. a7 Bxa7 48. Nf4+ Kg5 49. Nxh3+ Kxg4 50. Nf2+ Kf3 51. Nh3 Kg4 52. Nf2+ Kg3 53. Ne4+ Kg2 54. d5 h3 55. Bf4 b2 56. Kc2 Be3 57. Be5 Kf3 58. Nc3 Bf4 59. Bxf4 Kxf4 60. d6 h2 61. d7 h1=Q 62. d8=Q Qc1+ 63. Kb3 b1=Q+ 64. Nxb1 Qxb1+ 65. Kc4 Qc2+ 66. Kb4 Qb2+ 67. Kc5 Qc3+ 68. Kb6 Qb4+ 69. Ka7 Qc5+ 70. Kb7 Qb5+ 71. Ka7 Qa4+ 72. Kb8 Qb5+ 73.
Kc8 Qc6+ 74. Kb8 Qb5+ 75. Ka8 Qa6+ 76. Kb8 Qb5+ 1/2-1/2

[Event "*** Titled Tuesday Blitz"]
[Site "Chess.com"]
[Date "2019.09.03"]
[Round "10"]
[White "Morscas"]
[Black "Al_Shima"]
[Result "0-1"]
[WhiteElo "2254"]
[BlackElo "2447"]
[TimeControl "180+2"]
[EndTime "17:14:26 PDT"]
[Termination "Al_Shima won by resignation"]

1. e4 d5 2. exd5 Nf6 3. d4 Nxd5 4. Nf3 Bf5 5. c4 Nb4 6. Na3 e6 7. Be2 Be7 8. O-O O-O 9. Bd2 N8c6 10. Bc3 Bf6 11. Qd2 a5 12. h3 h6 13. Rfe1 Qe7 14. d5 Rfd8 15. Bf1 Qf8 16. Bxf6 gxf6 17. Qc3 exd5 18. Qxf6 Bg6 19. cxd5 Nxd5 20. Qh4 Qg7 21. Nc4 Ndb4 22. Rad1 Nxa2 23. Nce5 Rxd1 24. Rxd1 Nxe5 0-1

[Event "*** Titled Tuesday Blitz"]
[Site "Chess.com"]
[Date "2019.09.03"]
[Round "10"]
[White "Kanthecarowin"]
[Black "Ali_rastbod"]
[Result "0-1"]
[WhiteElo "2423"]
[BlackElo "2706"]
[TimeControl "180+2"]
[EndTime "17:15:02 PDT"]
[Termination "Ali_rastbod won by resignation"]

1. d4 g6 2. c4 Bg7 3. Nf3 d6 4. Nc3 Bg4 5. e4 Bxf3 6. gxf3 e5 7. d5 Bh6 8. Bxh6 Nxh6 9. Qd2 Qh4 10. O-O-O O-O 11. Bd3 Nd7 12. Rdg1 Nc5 13. Bc2 f5 14. exf5 Nxf5 15. Ne4 Nxe4 16. Bxe4 Nd4 17. Bxg6 Nxf3 18. Bxh7+ Kxh7 19. Qd3+ e4 0-1

[Event "*** Titled Tuesday Blitz"]
[Site "Chess.com"]
[Date "2019.09.03"]
[Round "10"]
[White "Svet99"]
[Black "JMatias"]
[Result "1-0"]
[WhiteElo "2163"]
[BlackElo "2323"]
[TimeControl "180+2"]
[EndTime "17:15:03 PDT"]
[Termination "Svet99 won by resignation"]

1. Nf3 d5 2. d4 c5 3. e3 Nf6 4. c3 e6 5. Nbd2 Nc6 6. Bd3 Bd6 7.
O-O O-O 8. dxc5 Bxc5 9. b4 Bd6 10.
Bb2 Bd7 11. a3 Rc8 12. e4 Ne5 13. Nxe5 Bxe5 14. exd5 exd5 15. Qb3 Be6 16. Nf3 Bb8 17. Nd4 Qd6 18. g3 Bh3 19. Rfe1 Rfe8 20. c4 Ng4 21.
Nf5 Qd7 22. Nxg7 Rxe1+ 23. Rxe1 d4 24. Nh5 Ne5 25. Nf6+ 1-0

[Event "*** Titled Tuesday Blitz"]
[Site "Chess.com"]
[Date "2019.09.03"]
[Round "10"]
[White "ENEASZ"]
[Black "MFguimaraes"]
[Result "0-1"]
[WhiteElo "2509"]
[BlackElo "2308"]
[TimeControl "180+2"]
[EndTime "17:15:14 PDT"]
[Termination "MFguimaraes won by resignation"]

1. e4 e5 2. Nf3 Nf6 3. Nxe5 d6 4.
Nxf7 Kxf7 5. d4 c5 6. Bc4+ d5 7.
exd5 b5 8. Bxb5 Qxd5 9. O-O Bb7 10. f3 Qxd4+ 11. Kh1 Bd6 12. Nc3 Rd8 13. Qe2 Qh4 14. g3 Bxg3 15. Bc4+ Kf8 16. Rg1 Bxf3+ 0-1

[Event "*** Titled Tuesday Blitz"]
[Site "Chess.com"]
[Date "2019.09.03"]
[Round "10"]
[White "Induwara_IM"]
[Black "2165149677570"]
[Result "1-0"]
[WhiteElo "2364"]
[BlackElo "2286"]
[TimeControl "180+2"]
[EndTime "17:15:19 PDT"]
[Termination "Induwara_IM won by checkmate"]

1. d4 Nf6 2. c4 c5 3. d5 b5 4.
cxb5 a6 5. Qc2 axb5 6. Qxc5 Na6 7. Qxb5 Nc7 8. Qb3 Ncxd5 9. e4 Nc7 10. Nc3 e5 11. Nf3 d6 12. Bc4 Be6 13. Ng5 Bxc4 14. Qxc4 Qd7 15. O-O h6 16. Nf3 Be7 17. Rd1 Qe6 18.
Qxc7 O-O 19. Qb6 Ng4 20. Qb3 Qg6 21. h3 Nf6 22. Nd5 Nxd5 23. Qxd5 Rac8 24. Be3 Rc2 25. Rd2 Rc7 26. Rad1 Rb8 27. b3 Rb4 28. Qa5 Rcb7 29.
Rc2 Qxe4 30. Rc8+ Kh7 31. Qd5 Qg6 32. Re8 R4b5 33. Qc6 Bf6 34. Qc8 Qe4 35. Rh8+ Kg6 36. Qg8 Qc6 37. Qh7+ Kh5 38. g4# 1-0

[Event "*** Titled Tuesday Blitz"]
[Site "Chess.com"]
[Date "2019.09.03"]
[Round "10"]
[White "Gubajdullin"]
[Black "Alohamora11"]
[Result "1-0"]
[WhiteElo "2605"]
[BlackElo "2479"]
[TimeControl "180+2"]
[EndTime "17:15:43 PDT"]
[Termination "Gubajdullin won by resignation"]

1. d4 Nf6 2. Bf4 c5 3. e3 d5 4.
c3 e6 5. Nd2 Bd6 6. Bxd6 Qxd6 7.
f4 Nc6 8. Bd3 Ne7 9. Ngf3 Nf5 10. Qe2 Qb6 11. Rb1 cxd4 12. exd4 Nd6 13. Ne5 Bd7 14. Nxd7 Nxd7 15. f5 O-O 16. fxe6 fxe6 17. Qxe6+ Rf7 18. Kd1 Re8 19. Qh3 Ne4 20. Nxe4 dxe4 21.
Bc4 Qg6 22. Qxd7 Rf8 23. Rf1 Qxg2 24. Rxf7 Qg4+ 25. Qxg4 1-0

[Event "*** Titled Tuesday Blitz"]
[Site "Chess.com"]
[Date "2019.09.03"]
[Round "10"]
[White "chessking2151"]
[Black "Genghis_K"]
[Result "1-0"]
[WhiteElo "2635"]
[BlackElo "2847"]
[TimeControl "180+2"]
[EndTime "17:16:10 PDT"]
[Termination "chessking2151 won by resignation"]

1. d4 Nf6 2. Nf3 g6 3. g3 Bg7 4.
Bg2 O-O 5. O-O d6 6. c4 Nc6 7.
Nc3 a6 8. Qd3 Nb4 9. Qb1 a5 10.
e4 Bg4 11. Be3 Bxf3 12. Bxf3 e5 13. d5 Nd7 14. a3 Na6 15. b4 f5 16. Bg2 f4 17.
Bd2 f3 18. Bh3 Bf6 19. Nb5 Kh8 20. Rd1 axb4 21. axb4 Bg5 22. Bxg5 Qxg5 23. Bxd7 Qh5 24. Ra3 Rad8 25. Be6 c6 26. dxc6 bxc6 27. Nxd6 Nc7 28. Nf7+ Kg7 29. Nxd8 Rxd8 30. Rxd8 Nxe6 31. Rd7+ Kf6 32.
Qd1 1-0

[Event "*** Titled Tuesday Blitz"]
[Site "Chess.com"]
[Date "2019.09.03"]
[Round "10"]
[White "JussupowFan"]
[Black "Komissarov_alex"]
[Result "0-1"]
[WhiteElo "2186"]
[BlackElo "2111"]
[TimeControl "180+2"]
[EndTime "17:16:22 PDT"]
[Termination "Komissarov_alex won by resignation"]

1. e4 e5 2. Nf3 Nc6 3. Bb5 Nd4 4. Nxd4 exd4 5. d3 c6 6. Bc4 Nf6 7. e5 Qa5+ 8. Bd2 Qxe5+ 9. Kf1 d5 10. Bb3 Ng4 11.
h3 Nf6 12. g3 Bd6 13. Kg2 O-O 14. Bf4 Qe7 15. Bxd6 Qxd6 16. Nd2 Qe6 17. Nf3 c5 18. Qe1 c4 19. Qxe6 Bxe6 20. Ba4 a6 21. dxc4 dxc4 22. c3 b5 23. Bc2 d3 24. Bd1 Bd5 25. Re1 Rae8 26. Kf1 Rxe1+ 27. Kxe1 Re8+ 28. Kf1 Ne4 29. b3 Nxc3 30. bxc4 Bxc4 31. Nd2 Ne4 32. Nxe4 Rxe4 33. a4 d2+ 34. Kg2 Re1 35. axb5 Bxb5 36. Rb1 h6 37. Kf3 Be2+ 38. Bxe2 0-1

[Event "*** Titled Tuesday Blitz"]
[Site "Chess.com"]
[Date "2019.09.03"]
[Round "10"]
[White "SirMittensofMittensville"]
[Black "HouseOfDurin"]
[Result "1-0"]
[WhiteElo "2541"]
[BlackElo "2082"]
[TimeControl "180+2"]
[EndTime "17:16:27 PDT"]
[Termination "SirMittensofMittensville won on time"]

1. e4 c5 2. c3 d5 3. exd5 Qxd5 4. d4 Nc6 5. Nf3 Bf5 6. dxc5 Qxc5 7. Na3 Rd8 8. Qb3 Rd7 9. Nb5 Be6 10. Be3 Qxe3+ 11.
fxe3 Bxb3 12. axb3 a6 13. Nbd4 Nxd4 14. exd4 e6 15. b4 Rd6 16. b5 axb5 17. Bxb5+ Ke7 18. Ra8 Rb6 19. Re8+ Kf6 20. Rxf8 Rxb5 21. Ne5 Rxb2 22. O-O+ Kg5 23. Nxf7+ 1-0

[Event "*** Titled Tuesday Blitz"]
[Site "Chess.com"]
[Date "2019.09.03"]
[Round "10"]
[White "juniortay"]
[Black "MarshKnight"]
[Result "1-0"]
[WhiteElo "2425"]
[BlackElo "2213"]
[TimeControl "180+2"]
[EndTime "17:16:28 PDT"]
[Termination "juniortay won by resignation"]

1. e4 e6 2. Nf3 d5 3. Nc3 d4 4. Ne2 c5 5. d3 Nc6 6. g3 Bd6 7. Bg2 h5 8. h4 Nge7 9. O-O Ng6 10. c3 dxc3 11. bxc3 Nge5 12. d4 Nxf3+ 13. Bxf3 cxd4 14.
cxd4 Bd7 15. Rb1 Qc7 16. e5 Be7 17. Nf4 O-O-O 18. d5 Nxe5 19. Qb3 Ba4 20. Qxa4 Nxf3+ 21. Kg2 e5 22. Kxf3 exf4 23. Bxf4 Qc3+ 24. Kg2 Ba3 25. Rb3 Qc5 26. Qxa3 Qxd5+ 27. Kg1 Kd7 28. Rd3 1-0

[Event "*** Titled Tuesday Blitz"]
[Site "Chess.com"]
[Date "2019.09.03"]
[Round "10"]
[White "kinga2008"]
[Black "Jenia84"]
[Result "0-1"]
[WhiteElo "1935"]
[BlackElo "2264"]
[TimeControl "180+2"]
[EndTime "17:16:33 PDT"]
[Termination "Jenia84 won by checkmate"]

1. e4 e5 2. Nf3 Nc6 3. d4 exd4 4. Bc4 Nf6 5. O-O d5 6. exd5 Nxd5 7. Nxd4 Be7 8.
Nxc6 bxc6 9. Nc3 Nxc3 10. Qxd8+ Bxd8 11. bxc3 O-O 12. Ba3 Re8 13. Rae1 Be6 14. Re2 Be7 15. Bxe7 Bxc4 16. Re3 Bxf1 17. Kxf1 f6 18. Ke2 Kf7 19. Bc5 Rxe3+ 20. fxe3 Ke6 21. Kd3 Kd5 22. Bd4 c5 23. e4+ Kd6 24. Be3 Re8 25. Bf4+ Kc6 26. g4 Rd8+ 27.
Kc4 Rd1 28. Be3 Re1 29. Kd3 c4+ 30. Kd4 Re2 31. Bf4 Rxc2 32. Kxc4 Rxa2 33. Kd4 g5 34.
Bg3 Ra4+ 35. Ke3 a5 36. h3 Rc4 37. e5 Rxc3+ 38. Kf2 Rxg3 39. Kxg3 fxe5 40. h4 h6 41.
hxg5 hxg5 42. Kf3 Kd5 43. Ke3 a4 44. Kf2 a3 45. Kf1 Ke4 46. Kf2 Kf4 47. Ke2 a2 48.
Kd3 a1=Q 49. Kc2 Qd4 50. Kb3 e4 51. Kc2 e3 52. Kb3 e2 53. Ka2 Qb4 54. Ka1 e1=Q+ 55. Ka2 Qeb1# 0-1

[Event "*** Titled Tuesday Blitz"]
[Site "Chess.com"]
[Date "2019.09.03"]
[Round "10"]
[White "AllStarShark"]
[Black "FearNoEvil12"]
[Result "0-1"]
[WhiteElo "2308"]
[BlackElo "2024"]
[TimeControl "180+2"]
[EndTime "17:16:42 PDT"]
[Termination "FearNoEvil12 won on time"]

1. c4 e5 2. Nc3 Nc6 3. Nf3 Bc5 4. e4 d6 5. Na4 f5 6. Nxc5 dxc5 7. d3 Nf6 8. Bg5 h6 9. Bxf6 Qxf6 10. Be2 O-O 11. O-O f4 12. a3 a5 13. Rb1 g5 14. Nd2 Kh8 15. f3 Rg8 16. Rc1 h5 17. Nb1 g4 18.
Nc3 g3 19. h3 Qh4 20. Qd2 Bxh3 21. gxh3 g2 22. Rfd1 Qxh3 23. Nd5 Qh1+ 24. Kf2 g1=Q+ 25. Rxg1 Qh2+ 26. Rg2 Rxg2+ 27. Ke1 Nd4 0-1

[Event "*** Titled Tuesday Blitz"]
[Site "Chess.com"]
[Date "2019.09.03"]
[Round "10"]
[White "imdvb6307"]
[Black "ChristopherYoo"]
[Result "0-1"]
[WhiteElo "2432"]
[BlackElo "2588"]
[TimeControl "180+2"]
[EndTime "17:17:05 PDT"]
[Termination "ChristopherYoo won on time"]

1. c4 Nf6 2. Nc3 g6 3. Nf3 Bg7 4. e4 e5 5. Nxe5 O-O 6. Nf3 Re8 7. Be2 Nxe4 8. O-O c5 9. Nd5 Nc6 10. d3 Nf6 11. Bg5 h6 12. Nxf6+ Bxf6 13. Bxh6 Bxb2 14.
Rb1 Bf6 15. Be3 d6 16. d4 cxd4 17. Nxd4 Nxd4 18. Bd3 Nc6 19. Qd2 Ne5 20. Be2 Bf5 21.
Rxb7 Be4 22. Rxa7 Rxa7 23. Bxa7 Qa8 24. Qa5 Nc6 0-1